 Dungeon Crawl Stone Soup version 0.28-a0-1159-g27aa881441 (webtiles) character file.

Game seed: 16091456869552074631

141 ChaosChampion the Distorting Demonspawn (level 5, 0/42 HPs)
             Began as a Demonspawn Abyssal Knight on Dec 15, 2021.
             Was a Believer of Lugonu.
             Slain by a mummy (14 damage)
             ... in an ossuary.
             The game lasted 00:03:32 (3009 turns).

ChaosChampion the Distorting Demonspawn (DsAK)      Turns: 3009, Time: 00:03:33

Health: 0/42       AC: 19    Str: 15    XL:     5   Next: 3%
Magic:  8/8        EV:  4    Int: 11    God:    Lugonu [**....]
Gold:   144        SH:  0    Dex: 14    Spells: 4/4 levels left

rFire   . . .      SeeInvis .   a - +1 mace
rCold   . . .      Faith    .   (no shield)
rNeg    . . .      Spirit   .   m - +0 plate armour
rPois   .          Reflect  .   (helmet restricted)
rElec   .          Harm     .   l - +2 cloak
rCorr   .          Rampage  .   o - +2 pair of gloves
Will    .....                   (no boots)
Stlth   ..........              (no amulet)
HPRegen 0.14/turn               (no ring)
MPRegen 0.11/turn               (no ring)

@: no status effects
A: horns 2, thin metallic scales 1, powered by pain 1
a: Renounce Religion, Depart the Abyss, Bend Space


You were in an ossuary.
You worshipped Lugonu.
Lugonu was pleased with you.
You visited 1 branch of the dungeon, and saw 5 of its levels.
You visited the Abyss 1 time.
You also visited: Ossuary.

You collected 144 gold pieces.

Inventory:

Hand Weapons
 a - a +1 mace (weapon)
Missiles
 h - 10 poisoned darts (quivered)
Armour
 l - a +2 cloak (worn)
 m - a +0 plate armour (worn)
 o - a +2 pair of gloves (worn)
Scrolls
 c - a scroll of blinking {unknown}
 d - a scroll of identify {unknown}
 e - a scroll of brand weapon {unknown}
 g - a scroll of enchant armour
 i - a scroll of summoning {unknown}
 k - 3 scrolls of fog {unknown}
 p - a scroll of amnesia {unknown}
Potions
 b - a potion of attraction {unknown}
 f - 2 potions of curing
 j - a potion of haste {unknown}
 n - a potion of lignification {unknown}


   Skills:
 + Level 3.8 Fighting
 + Level 2.7 Maces & Flails
 + Level 2.8 Armour
 - Level 0.8 Dodging
 + Level 4.0 Invocations


You had 4 spell levels left.
You didn't know any spells.
Your spell library contained the following spells:

 Spells                   Type           Power      Damage    Failure   Level
 Sandblast                Erth           0%         2d4       100%        1
 Passwall                 Tmut/Erth      0%         N/A       100%        2
 Stone Arrow              Conj/Erth      0%         3d7       100%        3


Dungeon Overview and Level Annotations

Branches:
Dungeon (6/15)            Ossuary (1/1)
 Temple: D:4-7

Altars:

Shops:
D:1 [   D:3 [(


Innate Abilities, Weirdness & Mutations

You have a pair of horns on your head.
You are partially covered in thin metallic scales. (AC +2)
You sometimes gain a little power by taking damage.


Message History

You hit the hobgoblin zombie.
You destroy the hobgoblin zombie!
Lugonu accepts your kill. The hobgoblin zombie hits you.
The hobgoblin zombie barely misses you.
You are too injured to fight recklessly!
You are too injured to fight recklessly!
You are too injured to fight recklessly!
You sock the hobgoblin zombie!
You destroy the hobgoblin zombie!
Lugonu accepts your kill.
The hobgoblin zombie hits you but does no damage.
The mummy hits you but does no damage.
You sock the hobgoblin zombie!
You destroy the hobgoblin zombie!
Lugonu accepts your kill. The mummy barely misses you.
You hit the mummy but do no damage. You barely miss the mummy.
The mummy hits you!
You closely miss the mummy. The mummy hits you.
You sock the mummy!
You headbutt the mummy, but do no damage.
The mummy is moderately damaged.
The mummy hits you but does no damage.
You hit the mummy.
The mummy is severely damaged.
You hit the mummy.
The mummy is severely damaged.
The mummy barely misses you.
You barely miss the mummy.
The mummy is severely damaged.
The mummy hits you but does no damage.
You closely miss the mummy.
The mummy is severely damaged.
The mummy hits you but does no damage.
You hit the mummy but do no damage. You headbutt the mummy.
The mummy is almost destroyed.
You hit the mummy. Your headbutt misses the mummy.
The mummy is almost destroyed.
The mummy hits you!
You die...

#....#
#....#
#....#
#....#
#....#
#....#
#....#
#M...#
#@∩∩.#
######


You could see a mummy.

Vanquished Creatures
  Natasha (D:3)
  Terence (D:3)
  A mummy (Ossuary)
  4 adders
  A worm (D:3)
  2 dart slugs (D:1)
  4 ball pythons
  3 endoplasms
  A giant cockroach (D:2)
  2 gnoll zombies (Ossuary)
  A goblin (D:3)
  5 hobgoblins
  2 kobolds (D:2)
  4 bats
  A frilled lizard (D:2)
  4 hobgoblin zombies (Ossuary)
  A kobold zombie (Ossuary)
  A rat (D:3)
  A spectral goblin (D:1)
40 creatures vanquished.

Notes
Turn   | Place    | Note
-------+----------+-------------------------------------------
     0 | Abyss:1  | ChaosChampion the Demonspawn Abyssal Knight began the quest
                  | for the Orb.
     0 | Abyss:1  | Reached XP level 1. HP: 18/18 MP: 2/2
     3 | Abyss:1  | Found a hide-covered altar of Uskayaw.
    16 | D:1      | Escaped the Abyss
   482 | D:1      | Gained mutation: You have a pair of small horns on your
                  | head. [demonic ancestry]
   482 | D:1      | Reached XP level 2. HP: 22/24 MP: 4/4
   561 | D:1      | Found a faded altar of an unknown god.
   928 | D:1      | Found Ycoe's Antique Armour Shop.
  1017 | D:2      | Reached skill level 3 in Invocations
  1055 | D:2      | Gained mutation: You have a pair of horns on your head.
                  | [demonic ancestry]
  1055 | D:2      | Reached XP level 3. HP: 2/29 MP: 5/5
  1616 | D:2      | Reached ** piety under Lugonu
  2126 | D:3      | Found Eduguir's Weapon Emporium.
  2183 | D:3      | Noticed Terence
  2199 | D:3      | Killed Terence
  2200 | D:3      | Gained mutation: You are partially covered in thin metallic
                  | scales. (AC +2) [demonic ancestry]
  2200 | D:3      | Reached XP level 4. HP: 29/36 MP: 6/6
  2271 | D:3      | Found Pagg's Antique Armour Boutique.
  2500 | D:3      | Noticed Natasha
  2509 | D:3      | Killed Natasha
  2810 | D:3      | You fall into a shaft and drop 3 floors!
  2822 | D:5      | Entered Level 5 of the Dungeon
  2948 | D:5      | Noticed a lemure
  2965 | D:5      | Found a sand-covered staircase.
  2970 | Ossuary  | Entered an ossuary
  2988 | Ossuary  | Reached skill level 4 in Invocations
  2988 | Ossuary  | Gained mutation: You sometimes gain a little power by
                  | taking damage. [demonic ancestry]
  2988 | Ossuary  | Reached XP level 5. HP: 23/42 MP: 6/8
  3009 | Ossuary  | Slain by a mummy

Illustrated notes

Levels and vault maps discovered:
D:1:      matt_arrival_refuge, layout_loops_ring,
          dreamdust_ecumenical_altar_drowned_temple, serial_shops,
          nicolae_shop_waterfront
D:2:      layout_rooms, amcnicky_mini_pool_small, kennysheep_generic_room_5
D:3:      layout_loops_corners, nicolae_dithmenos_through_a_glass_darkly,
          serial_shops, nicolae_shop_statue_plus, shop, nrook_campfire,
          minivault_25, nicolae_concentric_dashed_squares_mild, uniq_natasha,
          uniq_sigmund, uniq_jessica, uniq_terence
D:5:      layout_basic, serial_curves, eino_curves_01, eino_curves_03,
          eino_curves_01, eino_curves_02, ebering_ghost_sewer_d,
          enter_ossuary_2, sword_in_stone, uniq_pikel, uniq_blork_the_orc
D:6:      minmay_diamond_boxcup, layout_rooms, minmay_misc_feat_secret_circle,
          roderic_three_in_a_row
Ossuary:  ossuary_tomb_3

Skill      XL: |  1  2  3  4 |
---------------+-------------+-----
Maces & Flails | 2 |  2.7
Armour         | 2 |  2.8
Invocations    | 3 4 |  4.0
Fighting       | |  3.8
Dodging        | |  0.8

Action                   |  1- 3 |  4- 6 || total
-------------------------+-------+-------++-------
Melee: Mace              |    87 |    60 ||   147
       Headbutt          |    18 |    13 ||    31
  Use: Potion            |     1 |       ||     1
       Scroll            |       |     3 ||     3
Armor: Leather armour    |    11 |       ||    11
       Plate armour      |    17 |    60 ||    77
Dodge: Dodged            |    47 |    17 ||    64

Table legend: (Time is in decaauts)
 A = Elapsed time spent in this place.
 B = Non-inter-level travel time spent in this place.
 C = Inter-level travel time spent in this place.
 D = Time resting spent in this place.
 E = Time spent auto-exploring this place.
 F = Levels seen in this place.
 G = Mean time per level.
                   A        B        C        D        E       F      G
               +--------+--------+--------+--------+--------+-----+--------+
         Total |   3076 |   3015 |     61 |    433 |   2029 |   7 |  439.4 |
       Dungeon |   3014 |   2953 |     61 |    433 |   2028 |   5 |  602.8 |
         Abyss |     16 |     16 |      0 |      0 |      0 |   1 |   16.0 |
       Ossuary |     45 |     45 |      0 |      0 |      1 |   1 |   45.0 |
               +--------+--------+--------+--------+--------+-----+--------+

Top non-repeatable levels by time:
     D:1: 1427 daAuts
     D:3: 765 daAuts
     D:2: 662 daAuts
     D:5: 148 daAuts
 Ossuary: 45 daAuts
 Abyss:1: 16 daAuts
     D:6: 11 daAuts
